 Dungeon Crawl Stone Soup version 0.31-a0-1447-g87ca8d402b (webtiles) character file.

Game seed: 552710101798080852

54 Atlas the Firebug (level 3, -9/25 HPs)
             Began as a Demonspawn Fire Elementalist on Dec 27, 2023.
             Mangled by a gnoll
             ... wielding a +0 flail
              (10 damage)
             ... on level 2 of the Dungeon.
             The game lasted 00:01:54 (1581 turns).

Atlas the Firebug (Demonspawn Fire Elementalist)    Turns: 1581, Time: 00:01:55

Health: -9/25      AC:  5    Str: 12    XL:     3   Next: 66%
Magic:  1/7        EV: 11    Int: 16    God:
Gold:   142        SH:  0    Dex: 12    Spells: 6/7 levels left

rFire   + . .        (no weapon)
rCold   . . .        (no shield)
rNeg    . . .        j - +0 leather armour
rPois   .            (no helmet)
rElec   .            (no cloak)
rCorr   .            (no gloves)
SInv    .            (no boots)
Will    .....        (no amulet)
Stlth   ++           f - ring of protection from fire
HPRegen 0.24/turn    (no ring)
MPRegen 0.10/turn

%: no passive effects
@: attractive
A: molten scales 1, strong 1, persistent drain
a: no special abilities


You were on level 2 of the Dungeon.
You visited 1 branch of the dungeon, and saw 2 of its levels.

You collected 142 gold pieces.

Inventory:

Armour
 a - a +0 robe
 j - a +0 leather armour (worn)
Jewellery
 f - a ring of protection from fire (left hand)
Scrolls
 c - 2 scrolls of teleportation {unknown}
 e - a scroll of noise {unknown}
 h - 3 scrolls of identify {unknown}
Potions
 b - a potion of magic
 g - a potion of attraction
 i - a potion of heal wounds {unknown}


   Skills:
 + Level 0.4 Fighting
 + Level 0.7 Armour
 + Level 1.9 Dodging
 + Level 1.7 Stealth
 + Level 2.7 Spellcasting
 + Level 1.5 Conjurations
 + Level 3.1 Fire Magic


You had 6 spell levels left.
You knew the following spells:

 Your Spells              Type           Power      Damage    Failure   Level
a - Foxfire               Conj/Fire      36%        2x1d5     10%         1

Your spell library contained the following spells:

 Spells                   Type           Power      Damage    Failure   Level
 Scorch                   Fire           24%        2d6       10%         2
 Inner Flame              Hex/Fire       7%         N/A       36%         3
 Volatile Blastmotes      Fire/Tloc      14%        2d11      36%         3
 Flame Wave               Conj/Fire      9%         2d6       67%         4


Dungeon Overview and Level Annotations

Branches:
Dungeon (2/15)

Altars:


Innate Abilities, Weirdness & Mutations

You are partially covered in molten scales. (AC +2)
Your muscles are strong. (Str +4, Int/Dex -1)
Your health recovers twice as slowly from being drained.


Message History

The gnoll hits you from afar with a +0 spear!
You conjure some foxfire!
The foxfire hits the gnoll but does no damage.
The gnoll is heavily wounded.
You conjure some foxfire!
The foxfire hits the gnoll but does no damage.
The foxfire hits the gnoll.
The gnoll is severely wounded.
The gnoll closely misses you.
You conjure some foxfire!
The foxfire hits the gnoll.
The gnoll is lightly wounded.
The foxfire hits the gnoll but does no damage.
The gnoll is severely wounded.
The gnoll closely misses you.
The foxfire hits the gnoll.
The gnoll is moderately wounded.
You conjure some foxfire!
The foxfire hits the gnoll.
You kill the gnoll!
The gnoll hits you from afar with a +0 spear!
You are too injured to fight recklessly!
You are too injured to fight recklessly!
You are too injured to fight recklessly!
The foxfire hits the gnoll but does no damage.
The gnoll is moderately wounded.
The foxfire hits the gnoll.
The gnoll is heavily wounded.
The gnoll hits you from afar with a +0 spear.
The gnoll closely misses you.
You see here a +0 club.
It was a potion of attraction.
You feel attractive to monsters. The gnoll barely misses you.
The gnoll hits you with a +0 flail.
* * * LOW HITPOINT WARNING * * *
The gnoll is attracted toward you.
It was a potion of mutation.
You feel extremely strange.
You begin to recover more slowly from draining effects.
You feel stronger. The gnoll hits you with a +0 spear.
* * * LOW HITPOINT WARNING * * *
The gnoll hits you with a +0 flail!
You die...

#+# #.# #.#
##.##
##...#######
#...@......#
##.gg#.###.#
..#####ยง##.#
#..........#
#######.##.g.g.
#.# #### #.#
##.######
#.......#


You could see 2 gnolls.

Vanquished Creatures
  An adder (D:2)
  A gnoll (D:2)
  A dart slug (D:1)
  4 endoplasms (D:1)
  3 giant cockroaches
  4 goblins
  4 hobgoblins (D:1)
  A ball python (D:2)
  A bat (D:1)
  A frilled lizard (D:1)
  6 kobolds
  3 rats
30 creatures vanquished.

Vanquished Creatures (others)
  136 foxfires
136 creatures vanquished.

Grand Total: 166 creatures vanquished

Notes
Turn   | Place    | Note
-------+----------+-------------------------------------------
     0 | D:1      | Atlas the Demonspawn Fire Elementalist began the quest for
                  | the Orb.
     0 | D:1      | Reached XP level 1. HP: 13/13 MP: 3/3
   269 | D:1      | Gained mutation: You are partially covered in molten
                  | scales. (AC +2) [demonic ancestry]
   269 | D:1      | Reached XP level 2. HP: 6/19 MP: 0/5
   380 | D:1      | Reached skill level 3 in Fire Magic
  1034 | D:1      | Reached XP level 3. HP: 25/25 MP: 2/6
  1581 | D:2      | Gained mutation: Your health recovers twice as slowly from
                  | being drained. [potion of mutation]
  1581 | D:2      | Gained mutation: Your muscles are strong. (Str +4, Int/Dex
                  | -1) [potion of mutation]
  1581 | D:2      | HP: 1/25 [gnoll/+0 spear (5)]
  1581 | D:2      | Mangled by a gnoll

Illustrated notes

Levels and vault maps discovered:
D:1:      ebering_trefoil_3fold, layout_rooms
D:2:      cheibrodos_greedy_goblins, layout_loops_corners,
          shapermc_ecumenical_altar_mp_ritualfount, uniq_sigmund

Skill      XL: |  1  2 |
---------------+-------+-----
Fire Magic     | 3 |  3.1
Fighting       | |  0.4
Armour         | |  0.7
Dodging        | |  1.9
Stealth        | |  1.7
Spellcasting   | |  2.7
Conjurations   | |  1.5

Action                     || total
---------------------------++-------
  Melee: Unarmed           ||    60
   Cast: Foxfire           ||    78
    Use: Potion            ||     2
 Armour: Robe              ||    33
         Leather armour    ||     6
  Dodge: Dodged            ||    49

Table legend: (Time is in decaauts)
 A = Elapsed time spent in this place.
 B = Non-inter-level travel time spent in this place.
 C = Inter-level travel time spent in this place.
 D = Time resting spent in this place.
 E = Time spent auto-exploring this place.
 F = Levels seen in this place.
 G = Mean time per level.
                   A        B        C        D        E       F      G
               +--------+--------+--------+--------+--------+-----+--------+
         Total |   1580 |   1567 |     13 |      0 |   1291 |   2 |  790.0 |
       Dungeon |   1580 |   1567 |     13 |      0 |   1291 |   2 |  790.0 |
               +--------+--------+--------+--------+--------+-----+--------+

Top non-repeatable levels by time:
     D:1: 1129 daAuts
     D:2: 451 daAuts
